 Dungeon Crawl Stone Soup version 0.26-a0-646-g5d7718319a (webtiles) character file.

Game seed: 6881783755894727394

10976 DogServant the Nimble (level 11, -15/84 HPs)
             Began as a Vampire Necromancer on Sept 24, 2020.
             Was a Believer of Ashenzari.
             Demolished by a manticore (18 damage)
             ... on level 2 of the Lair of Beasts.
             The game lasted 00:42:15 (15678 turns).

DogServant the Nimble (Vampire Necromancer)        Turns: 15678, Time: 00:42:15

Health: -15/84     AC:  4    Str:  7    XL:     11   Next: 43%
Magic:  1/21       EV: 18    Int: 19    God:    Ashenzari [**....]
Gold:   645        SH:  0    Dex: 17    Spells: 6/23 levels left

rFire    . . .     SeeInvis +   J - +0 double sword
rCold    . . .     Faith    .   (no shield)
rNeg     . . .     Spirit   .   x - +0 leather armour
rPois    .         Reflect  .   (no helmet)
rElec    .         Harm     .   (no cloak)
rCorr    .         Rampage  .   (no gloves)
MR       ++...                  w - +0 pair of boots
Stlth    +++.......             b - amulet of the acrobat
HPRegen  0.44/turn              n - ring of protection from magic
MPRegen  0.17/turn              e - +4 ring of slaying

@: regenerating quickly
A: fangs 3, see invisible, unbreathing
a: Exsanguinate, Curse Item, Scrying, Renounce Religion


You were on level 2 of the Lair of Beasts.
You worshipped Ashenzari.
Ashenzari was pleased with you.
You visited 3 branches of the dungeon, and saw 13 of its levels.
You also visited: Ossuary.

You collected 645 gold pieces.

Inventory:

Hand Weapons
 c - a +0 dagger
 f - a +2 dagger of venom
 o - the +2 dagger of Upheaval {drain, *Rage Str+7}
   (You found it on level 4 of the Dungeon)

   A truly terrible weapon, it drains the life of those it strikes.
   It affects your strength (+7).
   It may make you go berserk in combat.
 I - a cursed +4 great sword
 J - a +0 double sword (weapon)
Missiles
 k - 8 atropa-tipped darts (quivered)
 y - 61 poisoned darts
Armour
 u - a +2 robe of resistance
 w - a +0 pair of boots (worn)
 x - a +0 leather armour (worn)
 F - a +0 kite shield
Jewellery
 b - an amulet of the acrobat (around neck)
 e - a +4 ring of slaying (right hand)
 n - a ring of protection from magic (left hand)
 z - an uncursed ring of protection from cold
Wands
 r - a wand of polymorph (7)
 C - a wand of iceblast (10)
Scrolls
 h - 6 scrolls of remove curse
 l - a scroll of silence {unknown}
 p - 3 scrolls of enchant weapon
 q - a scroll of holy word {unknown}
 t - 3 scrolls of enchant armour {unknown}
 A - 2 scrolls of teleportation
 B - a scroll of identify
 D - a scroll of magic mapping
 G - a scroll of fog {unknown}
 H - a scroll of brand weapon {unknown}
Potions
 d - 5 potions of brilliance
 g - 2 potions of haste
 i - a potion of magic
 j - 2 potions of stabbing
 s - 2 potions of ambrosia {unknown}
 v - 2 potions of cancellation {unknown}


   Skills:
 + Level 7.4 Fighting
 + Level 9.0 Short Blades
 + Level 9.6 Dodging
 - Level 6.0 Stealth
 - Level 6.7 Spellcasting
 + Level 8.7 Necromancy
 + Level 1.6 Air Magic
 - Level 3.0 Evocations


You had 6 spell levels left.
You knew the following spells:

 Your Spells              Type           Power        Failure   Level
a - Pain                  Necr           ####         1%          1
b - Animate Skeleton      Necr           #####.       1%          1
c - Vampiric Draining     Necr           #####.....   1%          3
d - Agony                 Necr           #####...     12%         5
e - Animate Dead          Necr           #####.....   4%          4
f - Mephitic Cloud        Conj/Pois/Air  #.......     36%         3

Your spell library contained the following spells:

 Spells                   Type           Power        Failure   Level
 Poisonous Vapours        Pois/Air       #.....       17%         2
 Conjure Flame            Conj/Fire      #.......     43%         3
 Freezing Cloud           Conj/Ice/Air   #.........   100%        6


Dungeon Overview and Level Annotations

Branches:
Dungeon (10/15)            Temple (1/1) D:5            Lair (2/6) D:8
 Shoals (0/4) Lair:2      Ossuary (visited)
  Snake: Lair:2-4    Spider: Lair:2-4       Orc: D:9-12

Altars:
Ashenzari
Cheibriados
Dithmenos
Elyvilon
Fedhas
Gozag
Hepliaklqana
Kikubaaqudgha
Makhleb
Nemelex Xobeh
Okawaru
Qazlal
Ru
Sif Muna
Trog
Uskayaw
Vehumet
Wu Jian
Xom
Yredelemnul
Zin
The Shining One

Annotations:
D:6 2 transporters, Grinder
D:7 3 runed translucent doors, Burgietje's ghost, novice GrFi
Lair:1 exclusion: 3 oklob plants


Innate Abilities, Weirdness & Mutations

Your natural rate of healing is unusually fast.
You have razor-sharp teeth.
You have supernaturally acute eyesight. (SInv)
You can survive without breathing.


Message History

The manticore claws you!
* * * LOW HITPOINT WARNING * * *
The manticore claws you!
* * * LOW HITPOINT WARNING * * *
You feel better. The manticore barely misses you.
You riposte.
You hit the manticore.
The manticore is almost dead.
The manticore claws you but does no damage.
The manticore completely misses you.
You hit the manticore but do no damage.
The manticore is almost dead.
The manticore barely misses you. x2; The manticore claws you!
* * * LOW HITPOINT WARNING * * *
Casting: Vampiric Draining (safe; 1% risk of failure)
Confirm with . or Enter, or press ? or * to list all spells.
Aiming: Pain (safe; 1% risk of failure)
Press: ? - help, Shift-Dir - straight line, f/p - manticore
Aim: a manticore (almost dead, chance to defeat MR: 71%)
The manticore writhes in agony.
The manticore bites you!!
You die...

, * #.## , ,
#..# . ## #..# *
.. , *..# #.## ,
... * ..# , #.#
*, , ....
#####.# #..
.....#.....##..
..# , , ,
......H......$>,
... , , #@.#* ,
* * * #..# , **
#### *


You could see a manticore.

Vanquished Creatures
  A hydra (Lair:2)
  A two-headed ogre (D:8)
  Pikel (D:5)
  2 cane toads (Lair:1)
  2 komodo dragons (Lair:1)
  2 blink frogs (Lair:2)
  A hippogriff (D:8)
  A wyvern (D:8)
  A wraith (Ossuary)
  15 yaks (Lair:1)
  A basilisk (Lair:2)
  Edmund (D:5)
  3 wargs (D:8)
  5 water moccasins
  3 porcupines (Lair:1)
  A phantom (D:5)
  3 orc warriors
  2 ice beasts
  2 sky beasts
  5 ogres
  2 centaurs
  2 lemures
  3 crocodiles (Lair:1)
  9 bullfrogs
  A water moccasin zombie (D:7)
  A scorpion (D:7)
  8 wights (D:9)
  An electric eel (Lair:1)
  3 bullfrog zombies
  A centaur zombie (D:7)
  2 jellies
  A gnoll shaman (D:6)
  3 hounds
  7 orc priests
  7 orc wizards
  A bullfrog skeleton (D:4)
  A centaur skeleton (D:7)
  A hell rat (Lair:2)
  4 iguanas
  3 worker ants
  A hound skeleton (D:6)
  3 mummies (Ossuary)
  8 gnolls
  8 adders
  11 river rats (Lair:2)
  4 shadow imps
  2 white imps
  4 ufetubi
  2 adder zombies (D:5)
  2 worms (D:2)
  2 dart slugs
  6 leopard geckos
  25 orcs
  2 ball pythons
  5 giant cockroaches
  10 goblins
  4 hobgoblins
  7 jackals
  9 kobolds
  3 quokkas
  A ball python skeleton (D:4)
  6 bats
  2 frilled lizards
  2 goblin zombies (Ossuary)
  4 hobgoblin zombies (Ossuary)
  A jackal zombie (D:5)
  5 kobold zombies (Ossuary)
  A leopard gecko zombie (D:9)
  2 quokka skeletons
  8 rats
264 creatures vanquished.

Vanquished Creatures (collateral kills)
  A wight (D:9)
  An orc wizard (D:8)
2 creatures vanquished.

Vanquished Creatures (others)
  8 fungi
  16 plants
24 creatures vanquished.

Grand Total: 290 creatures vanquished

Notes
Turn   | Place    | Note
-------+----------+-------------------------------------------
     0 | D:1      | DogServant the Vampire Necromancer began the quest for the
                  | Orb.
     0 | D:1      | Reached XP level 1. HP: 13/13 MP: 3/3
   209 | D:1      | Learned a level 1 spell: Animate Skeleton
   230 | D:1      | Reached XP level 2. HP: 12/15 MP: 5/5
  1050 | D:2      | Reached XP level 3. HP: 19/19 MP: 4/6
  1083 | D:2      | Found a shadowy altar of Dithmenos.
  1831 | D:2      | Reached skill level 5 in Necromancy
  1909 | D:2      | Learned a level 3 spell: Vampiric Draining
  2359 | D:3      | Reached XP level 4. HP: 24/24 MP: 7/7
  2544 | D:3      | Reached skill level 1 in Fighting
  3256 | D:3      | Found a bloodstained altar of Trog.
  3281 | D:3      | Reached skill level 1 in Short Blades
  3681 | D:4      | Got a brightly glowing dagger
  3682 | D:4      | Identified the +2 dagger of Upheaval {drain, *Rage Str+7}
                  | (You found it on level 4 of the Dungeon)
  3825 | D:4      | Reached XP level 5. HP: 21/29 MP: 0/8
  4599 | D:4      | Reached XP level 6. HP: 33/39 MP: 1/10
  5054 | D:5      | Entered Level 5 of the Dungeon
  5241 | D:5      | Noticed Edmund
  5270 | D:5      | Found a hazy altar of Hepliaklqana.
  5288 | D:5      | Reached XP level 7. HP: 22/45 MP: 0/12
  5448 | D:5      | Killed Edmund
  5448 | D:5      | Reached skill level 5 in Dodging
  5751 | D:5      | Found a sand-covered staircase.
  5760 | Ossuary  | Entered an ossuary
  5760 | Ossuary  | Noticed a wraith
  5760 | Ossuary  | Noticed a wraith
  5760 | Ossuary  | Noticed a wraith
  6012 | Ossuary  | Noticed a wraith
  6363 | Ossuary  | Killed a wraith
  6625 | D:5      | Found a staircase to the Ecumenical Temple.
  6637 | Temple   | Entered the Ecumenical Temple
  6991 | D:5      | Noticed Pikel
  7341 | D:5      | Killed Pikel
  7341 | D:5      | Reached skill level 5 in Short Blades
  7341 | D:5      | Reached XP level 8. HP: 50/60 MP: 13/15
  7688 | D:6      | Found a transporter.
  7729 | D:6      | Found a transporter.
  7917 | D:6      | Learned a level 5 spell: Agony
  7981 | D:6      | Reached skill level 5 in Spellcasting
  8467 | D:6      | Reached XP level 9. HP: 67/67 MP: 16/16
  8607 | D:6      | Found an ornate altar of the Wu Jian Council.
  8779 | D:6      | Noticed Grinder
  8793 | D:6      | Found a broken altar of Ashenzari.
  8793 | D:6      | Found a shimmering blue altar of Sif Muna.
  8793 | D:6      | Found a bloodstained altar of Trog.
  8793 | D:6      | Found a snail-covered altar of Cheibriados.
  9078 | D:6      | Found an opulent altar of Gozag.
  9089 | D:6      | Became a worshipper of Ashenzari the Shackled
  9180 | D:7      | Reached skill level 5 in Fighting
  9846 | D:7      | Found a runed translucent gate.
  9847 | D:7      | Noticed Burgietje's ghost (novice GrFi)
  9848 | D:7      | Found a runed translucent gate.
  9849 | D:7      | Noticed a kobold demonologist
  9849 | D:7      | Found a runed translucent gate.
  9916 | D:7      | Identified the cursed +0 whip "Earthworm" {venom, +Rage
                  | rElec rC- SInv}
 10541 | D:7      | Found a hide-covered altar of Uskayaw.
 10543 | D:7      | Found a blossoming altar of Fedhas.
 10543 | D:7      | Found a shimmering altar of Xom.
 10545 | D:7      | Found an opulent altar of Gozag.
 10545 | D:7      | Found a burning altar of Makhleb.
 10545 | D:7      | Found a white marble altar of Elyvilon.
 10873 | D:8      | Noticed a two-headed ogre
 10885 | D:8      | Learned a level 4 spell: Animate Dead
 10890 | D:8      | Found Naesh's Antique Weapon Emporium.
 10910 | D:8      | Killed a two-headed ogre
 10910 | D:8      | Reached XP level 10. HP: 74/76 MP: 12/19
 11020 | D:8      | Reached * piety under Ashenzari
 11336 | D:8      | Found a staircase to the Lair.
 11943 | D:9      | Found a sacrificial altar of Ru.
 12668 | D:10     | Entered Level 10 of the Dungeon
 12691 | D:10     | Noticed a centaur warrior
 12691 | D:10     | Noticed a four-headed hydra
 12691 | D:10     | Noticed an ogre mage
 12889 | Lair:1   | Entered Level 1 of the Lair of Beasts
 13115 | Lair:1   | Reached skill level 1 in Evocations
 13355 | Lair:1   | Noticed a cane toad
 13433 | Lair:1   | Reached skill level 5 in Stealth
 13440 | Lair:1   | Killed a cane toad
 13440 | Lair:1   | Reached XP level 11. HP: 66/84 MP: 14/21
 13708 | Lair:1   | Learned a level 3 spell: Mephitic Cloud
 14092 | Lair:1   | Reached ** piety under Ashenzari
 14404 | Lair:1   | Noticed an oklob plant
 14404 | Lair:1   | Noticed an oklob plant
 14404 | Lair:1   | Noticed an oklob plant
 15026 | Lair:2   | Noticed an eight-headed hydra
 15042 | Lair:2   | Killed an eight-headed hydra
 15042 | Lair:2   | Reached skill level 1 in Air Magic
 15645 | Lair:2   | HP: 1/84 [blink frog (6)]
 15673 | Lair:2   | Found a staircase to the Shoals.
 15675 | Lair:2   | HP: 4/84 [manticore (10)]
 15678 | Lair:2   | Demolished by a manticore

Illustrated notes

Levels and vault maps discovered:
D:1:      lightli_arrival_maybe_door_vault, layout_basic, feat_on_display
D:2:      cheibrodos_helix_gallery, layout_basic, grunt_dithmenos_smoke,
          chequers_serial_rivers_small_a
D:3:      layout_loops_corners, minmay_crystal_water, kennysheep_flooded_box
D:4:      layout_cave_pods, minmay_misc_feat_alley, uniq_crazy_yiuf_cottage
D:5:      layout_loops_cross, nicolae_overflow_crystal_walls,
          minmay_temple_entry_junction, enter_ossuary_3, uniq_pikel, uniq_edmund
D:6:      gammafunk_steamed_eel, layout_loops_corners, kennysheep_mini_moat,
          nicolae_overflow_hidden_temple, uniq_grinder
D:7:      layout_loops_ring, doesnt_xom_only_xom, gammafunk_ghost_nasty_kobolds
D:8:      layout_cave_pools, erik_lair_orcish_takeover, serial_shops,
          nicolae_shop_overgrown_old_shop
D:9:      layout_loops_ring, basic_altar, minmay_misc_feat_plants
D:10:     layout_gridville, serial_shops, nicolae_shop_crystal, basic_altar,
          minivault_10, jmf_multi_god_temple2, uniq_gastronok, uniq_sonja
Temple:   dshaligram_water_room_temple
Lair:1:   dpeg_oklob_gauntlet, layout_gridlike, minmay_holes,
          nicolae_quartered_pool_medium, beast_lair_carwin_3
Lair:2:   layout_small_grid, minmay_shoals_entry_beasts,
          minmay_snake_entry_guardpost_large, kennysheep_rathole,
          lemuel_fruit_tree

Skill      XL: |  1  2  3  4  5  6  7  8  9 10 11 |
---------------+----------------------------------+-----
Stealth        | 4 5 6 |  6.0
Dodging        | 3 4 6 8 9 |  9.6
Necromancy     | 5 6 8 |  8.7
Fighting       | 1 2 4 6 7 |  7.4
Short Blades   | 1 2 3 5 7 8 9 |  9.0
Spellcasting   | 3 4 5 6 |  6.7
Evocations     | 2 3 |  3.0
Air Magic      | 1 |  1.6

Action                   |  1- 3 |  4- 6 |  7- 9 | 10-12 || total
-------------------------+-------+-------+-------+-------++-------
Melee: Dagger            |    70 |   101 |   317 |   316 ||   804
       Bite              |     4 |     8 |    44 |    45 ||   101
       Double sword      |       |       |       |    16 ||    16
Throw: Dart              |       |       |     4 |     8 ||    12
 Cast: Pain              |    45 |    30 |    22 |    38 ||   135
       Vampiric Draining |       |    18 |    27 |    42 ||    87
       Animate Skeleton  |       |     2 |     3 |    14 ||    19
       Animate Dead      |       |       |     1 |     1 ||     2
       Agony             |       |       |       |     2 ||     2
 Abil: Exsanguinate      |     1 |       |       |       ||     1
       Revivify          |       |     1 |       |       ||     1
  Use: Scroll            |     3 |     7 |     7 |     6 ||    23
       Potion            |       |     3 |     5 |     4 ||    12
 Stab: Sleeping          |    10 |     9 |    10 |     5 ||    34
       Invisible         |       |     1 |     5 |       ||     6
Armor: Robe              |    12 |    15 |    10 |       ||    37
       Leather armour    |       |       |     6 |    27 ||    33
Dodge: Dodged            |    65 |    92 |   215 |   247 ||   619
       Rpst.: Double sword |       |       |       |     7 ||     7

Table legend: (Time is in decaauts)
 A = Elapsed time spent in this place.
 B = Non-inter-level travel time spent in this place.
 C = Inter-level travel time spent in this place.
 D = Time resting spent in this place.
 E = Time spent auto-exploring this place.
 F = Levels seen in this place.
 G = Mean time per level.
                   A        B        C        D        E       F      G
               +--------+--------+--------+--------+--------+-----+--------+
         Total |  15694 |  15081 |    613 |   5798 |   6648 |  14 | 1121.0 |
       Dungeon |  12035 |  11525 |    510 |   4499 |   5133 |  10 | 1203.5 |
        Temple |    144 |    105 |     39 |      0 |     72 |   1 |  144.0 |
          Lair |   2654 |   2591 |     63 |    900 |   1212 |   2 | 1327.0 |
       Ossuary |    859 |    859 |      0 |    397 |    231 |   1 |  859.0 |
               +--------+--------+--------+--------+--------+-----+--------+

Top non-repeatable levels by time:
  Lair:1: 1985 daAuts
     D:4: 1686 daAuts
     D:7: 1581 daAuts
     D:2: 1580 daAuts
     D:6: 1489 daAuts
     D:3: 1325 daAuts
     D:9: 1300 daAuts
     D:5: 1275 daAuts
     D:8: 969 daAuts
 Ossuary: 859 daAuts
     D:1: 766 daAuts
  Lair:2: 668 daAuts
  Temple: 144 daAuts
    D:10: 60 daAuts
